General information
- name: BNet
- type: Ladder team game (AT/RT)
- host: Battle.net
- saver: RatPack
map: Battleground
- players: 8
- length: 36:49
- speed: Fast
- version: 1.26 W3XP
- replay type: Public
» download(228 KB)
Players
team 1 (loser)

»
HFK (
orange | 50 APM | 1848 actions | 36:38)
8 Blademaster
3 Wind Walk
3 Critical Strike
1 Bladestorm
1 Mirror Image
» actions
| Basic commands | 11 | |
| Build / train | 81 | |
| Enter build submenu | 37 | |
| Enter hero's abilities submenu | 8 | |
| Give item / drop item | 7 | |
| Right click | 1145 | |
| Select / deselect | 457 | |
| Use ability | 102 | |
1848 total
» units
| Peon | 24 | |
| Grunt | 1 | |
| Troll Headhunter/Berserker | 8 | |
| Tauren | 7 | |
| Forest Troll Shadow Priest | 3 | |
| Forest Troll Berserker | 1 | |
| Mud Golem | 1 | |
| Ogre Mauler | 1 | |
46 total
» upgrades
| Armor | 3 | |
| Berserker Upgrade | 1 | |
| Melee Weapons | 3 | |
| Pulverize | 1 | |
| Reinforced Defenses | 1 | |
9 total
» buildings
| Altar of Storms | 1 | |
| Orc Burrow | 17 | |
| Barracks | 1 | |
| Voodoo Lounge | 1 | |
| War Mill | 2 | |
| Stronghold | 1 | |
| Watch Tower | 2 | |
| Fortress | 1 | |
| Tauren Totem | 3 | |
| Great Hall | 5 | |
34 total
» build order
00:27 Altar of Storms
00:43 Orc Burrow
00:57 Orc Burrow
01:44 Barracks
02:13 Orc Burrow
02:33 Voodoo Lounge
03:02 War Mill
04:05 Stronghold
05:36 Orc Burrow
05:44 Watch Tower
07:22 Orc Burrow
07:25 Fortress
09:53 Tauren Totem
10:08 Great Hall
10:49 Great Hall
13:28 Great Hall
13:48 Tauren Totem
13:51 Tauren Totem
17:40 War Mill
19:57 Orc Burrow
19:59 Orc Burrow
21:51 Watch Tower
22:06 Great Hall
28:16 Great Hall
30:21 Orc Burrow
30:25 Orc Burrow
30:26 Orc Burrow
30:59 Orc Burrow
31:02 Orc Burrow
31:05 Orc Burrow
31:10 Orc Burrow
34:45 Orc Burrow
34:47 Orc Burrow
34:48 Orc Burrow
» items
| Circlet of Nobility | 3 | |
| Healing Salve | 1 | |
| Boots of Speed | 1 | |
| Orb of Lightning | 1 | |
| Scroll of Regeneration | 2 | |
| Orb of Fire | 1 | |
| Scroll of Healing | 4 | |
| Potion of Healing | 2 | |
15 total
RatPack (
purple | 121 APM | 4446 actions | 36:49)
7 Blademaster
3 Wind Walk
3 Critical Strike
1 Bladestorm
1 Pandaren Brewmaster
1 Breath of Fire
» actions
| Assign group hotkey | 63 | |
| Basic commands | 258 | |
| Build / train | 126 | |
| ESC pressed | 15 | |
| Enter build submenu | 49 | |
| Enter hero's abilities submenu | 8 | |
| Give item / drop item | 11 | |
| Right click | 1144 | |
| Select / deselect | 387 | |
| Select group hotkey | 2211 | |
| Use ability | 174 | |
4446 total
» units
| Peon | 24 | |
| Grunt | 6 | |
| Raider | 1 | |
| Wind Rider | 1 | |
| Demolisher | 1 | |
| Troll Batrider | 1 | |
| Kodo Beast | 1 | |
35 total
» upgrades
| Pillage | 1 | |
| Armor | 3 | |
| Ranged Weapons | 4 | |
| Ensnare | 1 | |
| Reinforced Defenses | 1 | |
| Spiked Barricades | 4 | |
| Melee Weapons | 3 | |
| Backpack | 1 | |
| Berserker Strength | 1 | |
| Envenomed Spears | 1 | |
| Liquid Fire | 1 | |
| Troll Regeneration | 1 | |
| Burning Oil | 1 | |
| War Drums Damage Increase | 1 | |
| Berserker Upgrade | 1 | |
25 total
» buildings
| Altar of Storms | 1 | |
| Orc Burrow | 6 | |
| Barracks | 1 | |
| Voodoo Lounge | 1 | |
| Stronghold | 4 | |
| War Mill | 1 | |
| Watch Tower | 16 | |
| Fortress | 3 | |
| Beastiary | 4 | |
| Great Hall | 1 | |
38 total
» build order
00:10 Altar of Storms
00:13 Orc Burrow
00:21 Barracks
01:34 Orc Burrow
02:24 Voodoo Lounge
02:53 Orc Burrow
05:03 Stronghold
05:03 Stronghold
05:26 War Mill
05:46 Orc Burrow
06:54 Orc Burrow
06:59 Watch Tower
07:04 Watch Tower
07:06 Watch Tower
07:49 Fortress
07:49 Fortress
08:15 Beastiary
08:18 Beastiary
09:15 Watch Tower
09:16 Watch Tower
10:09 Beastiary
10:43 Watch Tower
12:04 Watch Tower
12:04 Watch Tower
12:41 Watch Tower
13:26 Great Hall
13:39 Watch Tower
13:53 Watch Tower
14:57 Watch Tower
15:16 Watch Tower
16:19 Watch Tower
16:23 Watch Tower
16:28 Watch Tower
19:13 Beastiary
22:59 Orc Burrow
» items
| Boots of Speed | 4 | |
| Healing Salve | 7 | |
| Lesser Clarity Potion | 7 | |
| Scroll of Town Portal | 1 | |
| Orb of Lightning | 1 | |
| Potion of Mana | 1 | |
| Staff of Teleportation | 2 | |
| Periapt of Vitality | 1 | |
24 total
CarlSagan (
pink | 41 APM | 1375 actions | 33:37)
5 Tauren Chieftain
2 Shockwave
3 Endurance Aura
4 Shadow Hunter
2 Healing Wave
2 Hex
» actions
| Assign group hotkey | 65 | |
| Basic commands | 2 | |
| Build / train | 101 | |
| Enter build submenu | 22 | |
| Enter hero's abilities submenu | 9 | |
| Give item / drop item | 3 | |
| Remove unit from queue | 1 | |
| Right click | 617 | |
| Select / deselect | 259 | |
| Select group hotkey | 189 | |
| Use ability | 107 | |
1375 total
» units
| Peon | 16 | |
| Troll Headhunter/Berserker | 30 | |
| Demolisher | 1 | |
| Shaman | 13 | |
60 total
» upgrades
| Berserker Upgrade | 1 | |
| Troll Regeneration | 1 | |
| Shaman Training | 2 | |
| Burning Oil | 1 | |
5 total
» buildings
| Altar of Storms | 2 | |
| Orc Burrow | 6 | |
| War Mill | 1 | |
| Barracks | 1 | |
| Voodoo Lounge | 1 | |
| Stronghold | 2 | |
| Fortress | 2 | |
| Spirit Lodge | 3 | |
| Watch Tower | 5 | |
| Great Hall | 2 | |
25 total
» build order
00:08 Altar of Storms
00:13 Orc Burrow
00:41 War Mill
01:21 Barracks
01:34 Voodoo Lounge
02:04 Orc Burrow
03:53 Stronghold
04:50 Orc Burrow
04:51 Orc Burrow
05:30 Orc Burrow
06:16 Fortress
06:20 Spirit Lodge
07:25 Spirit Lodge
08:08 Spirit Lodge
13:59 Watch Tower
14:03 Watch Tower
15:00 Watch Tower
15:02 Watch Tower
15:31 Watch Tower
16:25 Great Hall
23:35 Stronghold
26:30 Fortress
31:35 Great Hall
31:39 Altar of Storms
31:42 Orc Burrow
» items
| Healing Salve | 5 | |
| Lesser Clarity Potion | 8 | |
| Scroll of Speed | 1 | |
| Scroll of Town Portal | 2 | |
| Orb of Lightning | 1 | |
17 total
raph6969 (
red | 62 APM | 2065 actions | 33:25)
5 Mountain King
3 Storm Bolt
2 Bash
4 Paladin
1 Holy Light
1 Divine Shield
2 Devotion Aura
1 Archmage
1 Brilliance Aura
» actions
| Assign group hotkey | 39 | |
| Build / train | 89 | |
| ESC pressed | 8 | |
| Enter build submenu | 21 | |
| Enter hero's abilities submenu | 10 | |
| Remove unit from queue | 3 | |
| Right click | 718 | |
| Select / deselect | 353 | |
| Select group hotkey | 738 | |
| Use ability | 86 | |
2065 total
» units
| Peasant | 11 | |
| Rifleman | 23 | |
| Priest | 6 | |
| Spell Breaker | 4 | |
| Sorceress | 5 | |
49 total
» upgrades
| Gunpowder | 3 | |
| Masonry | 2 | |
| Armor | 3 | |
| Lumber Harvesting | 1 | |
| Long Rifles | 1 | |
| Priest Training | 2 | |
| Control Magic | 1 | |
| Sorceress Training | 2 | |
15 total
» buildings
| Altar of Kings | 1 | |
| Farm | 10 | |
| Blacksmith | 1 | |
| Barracks | 1 | |
| Lumber Mill | 3 | |
| Arcane Vault | 1 | |
| Scout Tower | 1 | |
| Arcane Tower | 1 | |
| Keep | 1 | |
| Arcane Sanctum | 2 | |
| Castle | 1 | |
| Town Hall | 1 | |
24 total
» build order
01:13 Altar of Kings
01:15 Farm
01:46 Blacksmith
01:51 Barracks
02:08 Farm
02:13 Lumber Mill
02:23 Lumber Mill
02:30 Lumber Mill
02:52 Arcane Vault
02:58 Scout Tower
03:05 Farm
03:42 Arcane Tower
04:03 Farm
06:11 Farm
08:43 Keep
09:08 Farm
11:17 Arcane Sanctum
11:18 Arcane Sanctum
12:35 Farm
12:35 Farm
13:28 Castle
20:51 Farm
20:52 Farm
27:30 Town Hall
» items
| Scroll of Regeneration | 4 | |
| Scroll of Town Portal | 1 | |
| Healing Salve | 1 | |
6 total
team 2 (winner)
X_0 (
teal | 38 APM | 932 actions | 24:19)
4 Archmage
2 Summon Water Elemental
1 Brilliance Aura
1 Blizzard
» actions
| Basic commands | 1 | |
| Build / train | 68 | |
| Enter build submenu | 18 | |
| Enter hero's abilities submenu | 4 | |
| Right click | 463 | |
| Select / deselect | 304 | |
| Use ability | 74 | |
932 total
» units
| Peasant | 14 | |
| Footman | 2 | |
| Rifleman | 10 | |
| Mortar Team | 11 | |
37 total
» upgrades
| Swords | 1 | |
| Gunpowder | 3 | |
| Lumber Harvesting | 2 | |
| Long Rifles | 1 | |
| Fragmentation Shards | 1 | |
| Flare | 1 | |
| Animal War Training | 1 | |
10 total
» buildings
| Farm | 7 | |
| Altar of Kings | 1 | |
| Barracks | 1 | |
| Blacksmith | 1 | |
| Arcane Vault | 1 | |
| Keep | 1 | |
| Lumber Mill | 2 | |
| Scout Tower | 2 | |
| Arcane Tower | 1 | |
| Guard Tower | 1 | |
| Castle | 1 | |
| Workshop | 2 | |
21 total
» build order
00:07 Farm
00:11 Altar of Kings
00:51 Barracks
01:15 Farm
02:03 Farm
02:38 Blacksmith
02:51 Farm
03:36 Farm
03:46 Arcane Vault
04:20 Farm
05:22 Keep
06:06 Lumber Mill
08:01 Scout Tower
08:08 Scout Tower
08:51 Lumber Mill
08:55 Arcane Tower
09:56 Guard Tower
10:12 Castle
11:08 Workshop
12:30 Workshop
13:56 Farm
» items
| Scroll of Regeneration | 2 | |
| Lesser Clarity Potion | 1 | |
| Boots of Speed | 1 | |
| Scroll of Town Portal | 3 | |
| Scroll of Speed | 1 | |
| Orb of Lightning | 1 | |
| Potion of Healing | 2 | |
| Potion of Mana | 1 | |
12 total

»
BurnThatBlunt (
green | 59 APM | 1223 actions | 20:36)
1 Tauren Chieftain
1 Endurance Aura
1 Far Seer
1 Feral Spirit
1 Pandaren Brewmaster
1 Breath of Fire
» actions
| Assign group hotkey | 2 | |
| Basic commands | 10 | |
| Build / train | 52 | |
| Enter build submenu | 12 | |
| Enter hero's abilities submenu | 3 | |
| Remove unit from queue | 5 | |
| Right click | 725 | |
| Select / deselect | 321 | |
| Use ability | 93 | |
1223 total
» units
| Peon | 8 | |
| Grunt | 4 | |
| Troll Witch Doctor | 6 | |
| Shaman | 6 | |
| Tauren | 1 | |
25 total
» upgrades
| Berserker Strength | 1 | |
| Witch Doctor Training | 2 | |
| Shaman Training | 2 | |
| Armor | 1 | |
6 total
» buildings
| Altar of Storms | 1 | |
| Orc Burrow | 4 | |
| Barracks | 1 | |
| War Mill | 1 | |
| Voodoo Lounge | 1 | |
| Stronghold | 1 | |
| Spirit Lodge | 2 | |
| Fortress | 1 | |
| Tauren Totem | 2 | |
14 total
» build order
00:08 Altar of Storms
00:23 Orc Burrow
00:44 Barracks
01:41 Orc Burrow
02:45 War Mill
03:46 Voodoo Lounge
04:26 Stronghold
07:09 Spirit Lodge
07:11 Spirit Lodge
07:20 Fortress
08:38 Orc Burrow
08:38 Orc Burrow
13:46 Tauren Totem
13:53 Tauren Totem
» items
| Healing Salve | 2 | |
| Scroll of Speed | 1 | |
| Lesser Clarity Potion | 1 | |
| Tiny Great Hall | 1 | |
| Scroll of Town Portal | 5 | |
10 total
TheProphet (
yellow | 62 APM | 2280 actions | 36:49)
8 Blademaster
3 Wind Walk
3 Critical Strike
1 Bladestorm
1 Mirror Image
» actions
| Assign group hotkey | 22 | |
| Basic commands | 9 | |
| Build / train | 99 | |
| Enter build submenu | 41 | |
| Enter hero's abilities submenu | 9 | |
| Give item / drop item | 10 | |
| Remove unit from queue | 1 | |
| Right click | 1310 | |
| Select / deselect | 364 | |
| Select group hotkey | 209 | |
| Use ability | 206 | |
2280 total
» units
| Peon | 21 | |
| Grunt | 4 | |
| Troll Batrider | 14 | |
| Wind Rider | 8 | |
47 total
» upgrades
| Ranged Weapons | 3 | |
| Armor | 2 | |
| Troll Regeneration | 1 | |
| Liquid Fire | 1 | |
| Reinforced Defenses | 1 | |
| Envenomed Spears | 1 | |
9 total
» buildings
| Orc Burrow | 4 | |
| Altar of Storms | 1 | |
| Barracks | 1 | |
| Voodoo Lounge | 1 | |
| Stronghold | 1 | |
| War Mill | 2 | |
| Beastiary | 4 | |
| Watch Tower | 25 | |
| Fortress | 1 | |
| Great Hall | 1 | |
41 total
» build order
00:36 Orc Burrow
00:51 Altar of Storms
00:51 Barracks
01:10 Orc Burrow
01:36 Voodoo Lounge
02:57 Stronghold
04:07 Orc Burrow
04:11 War Mill
06:54 Beastiary
06:57 Beastiary
07:00 Watch Tower
07:02 Watch Tower
07:06 Orc Burrow
08:32 Fortress
11:30 Watch Tower
11:30 Watch Tower
14:37 War Mill
14:58 Watch Tower
14:59 Watch Tower
14:59 Watch Tower
15:03 Watch Tower
16:25 Great Hall
16:29 Watch Tower
16:30 Watch Tower
20:18 Watch Tower
20:19 Watch Tower
20:19 Watch Tower
20:19 Watch Tower
20:20 Watch Tower
20:21 Watch Tower
20:22 Watch Tower
23:34 Watch Tower
23:35 Watch Tower
23:35 Watch Tower
23:35 Watch Tower
23:44 Watch Tower
23:45 Watch Tower
23:45 Watch Tower
23:48 Watch Tower
26:51 Beastiary
26:52 Beastiary
» items
| Healing Salve | 5 | |
| Boots of Speed | 1 | |
| Dust of Appearance | 2 | |
| Lesser Clarity Potion | 8 | |
| Potion of Mana | 8 | |
| Scroll of Town Portal | 1 | |
| Potion of Healing | 3 | |
| Orb of Lightning | 1 | |
| Orb of Corruption | 1 | |
30 total

»
CinnamonChasers (
blue | 25 APM | 615 actions | 24:57)
5 Death Knight
2 Death Coil
3 Unholy Aura
1 Far Seer
1 Chain Lighting
» actions
| Basic commands | 6 | |
| Build / train | 72 | |
| ESC pressed | 1 | |
| Enter build submenu | 12 | |
| Enter hero's abilities submenu | 6 | |
| Remove unit from queue | 6 | |
| Right click | 235 | |
| Select / deselect | 223 | |
| Use ability | 54 | |
615 total
» units
| Acolyte | 19 | |
| Ghoul | 5 | |
| Crypt Fiend | 13 | |
| Obsidian Statue | 4 | |
41 total
» upgrades
| Creature Attack | 3 | |
| Creature Carapace | 2 | |
| Web | 1 | |
| Burrow | 1 | |
7 total
» buildings
| Altar of Darkness | 1 | |
| Ziggurat | 7 | |
| Crypt | 2 | |
| Graveyard | 2 | |
| Halls of the Dead | 1 | |
| Tomb of Relics | 1 | |
| Slaughterhouse | 1 | |
| Black Citadel | 1 | |
| Nerubian Tower | 2 | |
| Spirit Tower | 3 | |
21 total
» build order
00:09 Altar of Darkness
00:13 Ziggurat
00:49 Crypt
00:52 Crypt
01:06 Graveyard
01:11 Graveyard
01:42 Ziggurat
02:58 Halls of the Dead
04:28 Ziggurat
05:06 Tomb of Relics
05:30 Slaughterhouse
09:13 Black Citadel
09:25 Ziggurat
09:26 Ziggurat
09:29 Ziggurat
10:59 Nerubian Tower
11:37 Spirit Tower
11:39 Spirit Tower
20:25 Ziggurat
21:41 Nerubian Tower
23:36 Spirit Tower
» items
| Scroll of Town Portal | 2 | |
| Potion of Healing | 1 | |
| Potion of Mana | 1 | |
4 total
Chat log
(00:27 / Allies) CarlSagan: casters bm sh
(00:36 / Allies) HFK: go ninja go ninja go
(01:02 / Allies) raph6969: rifle priest caster
(01:08 / Allies) HFK: tauren
(06:36 / Allies) HFK: TP
(08:57 / Allies) raph6969: we should cunter !
(08:58 / Allies) HFK: fagget
(09:13 / Allies) HFK: purple cunt shit
(09:23 / Allies) RatPack: What's wrong?
(09:29 / Allies) HFK: the fuck u take
(09:37 / Allies) HFK: did u kill it?
(09:40 / Allies) RatPack: yes
(09:41 / Allies) HFK: did u put input?
(09:43 / Allies) HFK: no
(09:44 / Allies) RatPack: yes
(09:45 / Allies) HFK: u didnt
(09:54 / Allies) raph6969: come pink
(10:00 / Allies) RatPack: shoo
(10:01 / Allies) RatPack: that is my expo
(10:13 / Allies) RatPack: bad idea
(10:15 / Allies) RatPack: cancel it
(10:16 / Allies) HFK: go fuck urself
(10:36 / All) RatPack: orange is bsing me
(10:42 / Allies) HFK: the fuck u say nigger?
(10:50 / All) CinnamonChasers: that sucks
(11:27 / All) RatPack: He tried to take my expo
(11:29 / All) RatPack: I took his item
(14:30 / All) TheProphet: pink you mh
(15:12 / All) RatPack: Blue you can move mining acolytes
(15:14 / All) RatPack: Not sure if you knew
(15:31 / All) CinnamonChasers: was afk
(16:15 / Allies) raph6969: no choice to hit now !
(16:53 / Allies) raph6969: gogogogogo
(18:46 / Allies) CarlSagan: gold pls
(19:05 / Allies) CarlSagan: ty
(19:40 / All) RatPack: You can move acos blue
(19:44 / All) RatPack: Tip of the day
(20:02 / All) CinnamonChasers: sound is off my bad
(20:07 / All) CinnamonChasers: didnt hear them dieing
(20:10 / All) RatPack: Sure buddy
(20:20 / All) CinnamonChasers: okay we will see next time
(20:25 / All) RatPack: lol
(20:39 / All) RatPack: lol
(20:51 / Allies) RatPack: wood
(21:06 / Allies) RatPack: ty
(21:17 / Allies) raph6969: piurp move do something<7
(21:25 / All) RatPack: still got 2
(21:36 / All) RatPack: 3
(21:44 / All) RatPack: 4
(21:53 / All) RatPack: 5
(21:54 / All) RatPack: lol
(21:57 / All) CinnamonChasers: i just dont care at this point
(21:58 / All) RatPack: I guess we saw next time
(22:12 / All) CinnamonChasers: but they did move
(23:28 / Allies) RatPack: wood
(23:48 / Allies) HFK: make ur own wood
(23:54 / Allies) RatPack: I am
(23:56 / Allies) RatPack: You could get me some faster
(24:00 / Allies) RatPack: thanks
(24:11 / Allies) RatPack: I will put it to a good cause
(24:27 / Allies) HFK: yea ur a garbage individual
(24:32 / Allies) RatPack: lol
(24:51 / All) raph6969: bastard blade i want your fucking head
(25:11 / Allies) HFK: purp ur a fagget
(25:19 / Allies) HFK: ur prolly below the human scale
(25:26 / Allies) RatPack: How come? :-(
(25:47 / All) HFK: ur prolly brown
(25:54 / All) RatPack: I am white
(25:57 / Allies) HFK: naw
(26:02 / All) RatPack: Only a white could dominate you
(26:09 / All) RatPack: niggers can't into wc3
(26:10 / Allies) HFK: white people dont act like this
(26:14 / Allies) raph6969: comman dont do your kids lets win that
(26:27 / All) RatPack: Then why is it that whenever Euros dislike something
(26:30 / All) RatPack: Such as a civilisation
(26:32 / All) RatPack: tehy genocide it
(26:36 / All) RatPack: and start world wars?
(26:40 / All) RatPack: if white people do not do this
(26:48 / Allies) raph6969: ein?
(26:56 / Allies) raph6969: what are you talking about
(27:02 / All) RatPack: Shockwave doesn't work on allies pink
(27:09 / Allies) raph6969: i leave peop what ever where they from lol
(27:10 / Allies) CarlSagan: why act like a niger
(27:13 / Allies) raph6969: im french..
(27:24 / All) HFK: purple ur browner than human shit
(27:34 / Allies) CarlSagan: what a filthy abbo
(27:47 / All) HFK: i kill cunts like u
(27:52 / All) RatPack: Try it
(27:58 / All) RatPack: You wouldn't succeed
(28:44 / Allies) raph6969: ho my god purp missed love from hes mom when he was young
(28:58 / All) RatPack: Oh not this "your parents abused you" smack talk again
(29:02 / All) RatPack: Come up with new material frenchman
(29:06 / All) RatPack: Are you Quebecois or actual French?
(29:10 / Allies) CarlSagan: He's just a balck kid
(29:20 / All) RatPack: A balck kid?
(29:21 / Allies) raph6969: try to speak french we will see bastard black brown
(29:23 / Allies) CarlSagan: angry at the world
(29:25 / All) HFK: u fucking fail purp
(29:35 / Allies) CarlSagan: for being a huge nigger
(29:55 / All) RatPack: Raped
(30:05 / All) HFK: u had a army fagget
(30:10 / All) HFK: one on one id kill u
(30:10 / All) RatPack: Yes I did, and it did its job well
(30:17 / All) RatPack: You want to 1v1?
(30:29 / Allies) HFK: nty
(30:33 / Allies) RatPack: Talar du svenska?
(30:35 / Allies) RatPack: lingua latina?
(30:38 / Allies) RatPack: men talar inte franska
(30:48 / All) HFK: yeh i knew u were brown
(31:02 / Allies) RatPack: ursäkte mig för det här knivhuggen
(31:42 / Allies) raph6969: im so sry for you purp i will like to give you a hug like if you was my dog
(31:50 / All) RatPack: You have a dog? What kind?
(31:56 / Allies) raph6969: no good for a french?
(32:03 / Allies) raph6969: less bastard then you
(32:10 / Allies) raph6969: its pure one
(32:11 / Allies) RatPack: franskajävel
(32:21 / Allies) raph6969: tou t un chien brun c sur
(32:25 / Allies) raph6969: de race brune4
(32:31 / Allies) RatPack: pedicabo ego vos et irrumabo
(32:46 / Allies) raph6969: y tu hablas espnol ?
(32:55 / Allies) RatPack: that is Latin you ignorant fuck
(33:02 / Allies) raph6969: that was
(33:07 / Allies) raph6969: a question !
(33:10 / Allies) RatPack: det var lingua latina
(33:10 / Allies) raph6969: dumb
(33:12 / Allies) CarlSagan: you are an enormous poofter
(33:15 / Allies) RatPack: jag talar inte spanska
(33:27 / All) RatPack: Red is an angry Frenchman
(33:29 / All) RatPack: He just raged out
(33:34 / All) RatPack: How typical for a Frenchman to surrender
(33:37 / All) RatPack: Now Carl Sagan must die
(33:42 / All) RatPack: Oh Carl left too
(35:57 / All) RatPack: There we go
(36:00 / All) RatPack: Ah, peace at last...
(36:09 / All) HFK: stfu fagget
(36:16 / All) TheProphet: you suck orange lawl
(36:19 / All) RatPack: It's spelled faggot by the way
(36:27 / All) RatPack: Would you like an English course from me?
(36:29 / All) RatPack: I can teach you
(36:35 / All) HFK: fuck u nigger
(36:35 / All) RatPack: Are you Mexican, maybe Brazilian?
(36:36 / All) TheProphet: It won't be easy
(36:47 / All) TheProphet: yo team to lose